 Dungeon Crawl Stone Soup version 0.30-a0-367-g839099abd5 (webtiles) character file.

Game seed: 10464838341949223639

255035 MrRokkomies the Black Belt (level 21, -6/172 (180) HPs)
             Began as a Meteoran Transmuter on Nov 18, 2022.
             Was a High Priest of Okawaru.
             Mangled by a death scarab (21 damage)
             ... summoned by a royal mummy
             ... in the Arena.
             The game lasted 01:58:39 (19471 turns).

MrRokkomies the Black Belt (Meteoran Transmuter)   Turns: 19471, Time: 01:58:40

HP:   -6/172 (180)  AC: 18    Str: 19    XL:     21   Next: 44%
MP:   26/36         EV: 33    Int: 21    God:    Okawaru [*****.]
Gold: 1473          SH: 24    Dex: 35    Spells: 20/40 levels left

rFire   + . .      SeeInvis .      - Unarmed
rCold   + + .      Faith    .    P - +5 kite shield "Juutyi" {Dex+3}
rNeg    + + .      Spirit   .    l - +4 ring mail {rF+}
rPois   .          Reflect  .    r - +2 hood of the Assassin {Detection Stab+ Stlth++}
rElec   .          Harm     .    x - scarf {rC+ rF+}
rCorr   .          Rampage  .    e - +2 pair of gloves
Will    +++..                    a - +0 pair of boots "Heatoroh" {Regen+}
Stlth   ++........               X - amulet of Das Ywn {Acrobat Str+4 Int+4}
HPRegen 1.28/turn                T - ring of the Hammering Gods {rN+ Int+2 Dex+6}
MPRegen 0.25/turn                J - ring "Piblev" {Ice rN+ Slay+4}

@: heroic, finesse-ful, hasted and slowed, glowing, lightly drained, duelling
A: sense surroundings 3, otherworldly, glowing, explore regen, agile 1,
strong-willed 1
}: 2/15 runes: serpentine, barnacled
a: Renounce Religion, Heroism, Finesse, Duel


You were in the Arena.
You worshipped Okawaru.
Okawaru was extremely pleased with you.
You visited 8 branches of the dungeon, and saw 36 of its levels.
You also visited: Trove, Ossuary, Bailey, Gauntlet and Volcano.

You collected 3908 gold pieces.
You spent 2435 gold pieces at shops.

Inventory:

Missiles
 d - 3 javelins
 j - 20 boomerangs (quivered)
 m - 2 atropa-tipped darts
 A - 4 throwing nets
 I - 3 silver javelins
 L - 9 curare-tipped darts
Armour
 a - the +0 pair of boots "Heatoroh" (worn) {Regen+}
   (Okawaru gifted it to you on level 3 of the Lair of Beasts)

   Regen:     It increases your rate of health regeneration.
 e - a +2 pair of gloves (worn)
 l - a +4 ring mail of fire resistance (worn)
 r - the +2 hood of the Assassin (worn) {Detection Stab+ Stlth++}
   (You found it in a treasure trove)

   It allows the wearer to sense nearby creatures.
   It allows the wearer to make particularly effective stabbing attacks against
   helpless or unaware enemies with any weapon.
   Stlth:     It makes you much more stealthy.
 x - a scarf of resistance (worn)
 G - a scarf of repulsion
 P - the +5 kite shield "Juutyi" (worn) {Dex+3}
   (Okawaru gifted it to you on level 13 of the Dungeon)

   Dex:       It affects your dexterity (+3).
Jewellery
 h - a +4 ring of slaying
 J - the ring "Piblev" (right hand) {Ice rN+ Slay+4}
   (You bought it in a shop on level 2 of the Orcish Mines)

   [ring of ice]

   It enhances your ice magic.
   Slay:      It affects your accuracy & damage with ranged weapons and melee
   (+4).
   rF:        It makes you vulnerable to fire.
   rC:        It protects you from cold.
   rN:        It protects you from negative energy.
 K - a ring of willpower
 N - a ring of poison resistance
 T - the ring of the Hammering Gods (left hand) {rN+ Int+2 Dex+6}
   (You found it in a Gauntlet)

   [ring of dexterity]

   Int:       It affects your intelligence (+2).
   Dex:       It affects your dexterity (+6).
   rN:        It protects you from negative energy.
 X - the amulet of Das Ywn (around neck) {Acrobat Str+4 Int+4}
   (You found it in a treasure trove)

   [amulet of the acrobat]

   It increases your evasion while moving and waiting.
   Str:       It affects your strength (+4).
   Int:       It affects your intelligence (+4).
Wands
 b - a wand of polymorph (2)
 s - a wand of digging (22)
 t - a wand of roots (21)
 v - a wand of flame (84)
 z - a wand of mindburst (9)
 B - a wand of acid (13)
Scrolls
 n - a scroll of magic mapping
 p - 2 scrolls of immolation
 C - 2 scrolls of teleportation
 F - 6 scrolls of poison
 H - a scroll of silence
 O - a scroll of brand weapon
 U - 2 scrolls of amnesia
 W - 3 scrolls of enchant armour
 Y - 3 scrolls of enchant weapon
 Z - a scroll of blinking
Potions
 c - a potion of haste
 f - 3 potions of brilliance
 g - 8 potions of attraction
 i - 2 potions of flight
 k - 15 potions of curing
 o - a potion of berserk rage
 q - 3 potions of ambrosia
 u - 4 potions of cancellation
 w - 7 potions of might
 D - 3 potions of mutation
 E - a potion of magic
 Q - 2 potions of resistance
Miscellaneous
 y - a tin of tremorstones (2/2)
 R - a lightning rod (4/4)
 S - a condenser vane


   Skills:
 * Level 13.8(18.8) Fighting
 * Level 15.6(20.6) Throwing
 - Level 5.0(10.0) Armour
 - Level 13.5(18.5) Dodging
 - Level 14.0(19.0) Shields
 - Level 20.0(25.0) Unarmed Combat
 - Level 10.2 Spellcasting
 + Level 10.3 Transmutations
 - Level 10.2 Ice Magic
 + Level 9.5 Earth Magic
 - Level 12.0 Invocations
 - Level 8.7 Evocations


You had 20 spell levels left.
You knew the following spells:

 Your Spells              Type           Power      Damage    Failure   Level
a - Beastly Appendage     Tmut           100%       N/A       1%          1
b - Wereblood             Tmut           52%        N/A       1%          2
c - Spider Form           Tmut/Pois      32%        N/A       5%          3
d - Ice Form              Ice/Tmut       69%        N/A       2%          4
e - Statue Form           Tmut/Erth      34%        N/A       36%         6
f - Petrify               Tmut/Erth      51%        N/A       2%          4

Your spell library contained the following spells:

 Spells                   Type           Power      Damage    Failure   Level
 Ensorcelled Hibernation  Hex/Ice        96%        N/A       2%          2
 Lee's Rapid Deconstruct  Erth           25%        3d14*     9%          5
 Foxfire                  Conj/Fire      40%        2x1d6     14%         1
 Magic Dart               Conj           40%        1d5       14%         1
 Slow                     Hex            40%        N/A       14%         1
 Cigotuvi's Dreadful Rot  Necr/Pois/Air  20%        N/A       22%         2
 Scorch                   Fire           20%        2d6       22%         2
 Sublimation of Blood     Necr           10%        N/A       22%         2
 Dazzling Flash           Conj/Hex       20%        N/A       41%         3
 Gell's Gravitas          Tloc           10%        N/A       41%         3
 Inner Flame              Hex/Fire       10%        N/A       41%         3
 Kindle Blastsparks       Fire/Tloc/Air  20%        2d11      41%         3
 Lesser Beckoning         Tloc           20%        N/A       41%         3
 Mephitic Cloud           Conj/Pois/Air  10%        N/A       41%         3
 Teleport Other           Tloc           10%        N/A       41%         3
 Irradiate                Conj/Tmut      16%        3d17      43%         5
 Borgnjor's Vile Clutch   Necr/Erth      15%        N/A       50%         5
 Anguish                  Hex/Necr       5%         N/A       82%         4
 Cause Fear               Hex            5%         N/A       82%         4
 Dispel Undead            Necr           10%        3d9       82%         4
 Flame Wave               Conj/Fire      10%        2d6       82%         4
 Fulminant Prism          Conj/Hex       5%         3d7       82%         4
 Iskenderun's Mystic Bla  Conj/Tloc      10%        2d4       82%         4
 Fireball                 Conj/Fire      5%         3d5       99%         5
 Silence                  Hex/Air        5%         N/A       99%         5
 Starburst                Conj/Fire      5%         6d4       100%        6
 Discord                  Hex            5%         N/A       100%        8
 Lehudib's Crystal Spear  Conj/Erth      15%        10d5      100%        8
 Call Imp                 Summ           Unusable   N/A       N/A         2
 Animate Dead             Necr           Unusable   N/A       N/A         4
 Death Channel            Necr           Unusable   N/A       N/A         6
 Summon Cactus Giant      Summ           Unusable   N/A       N/A         6

Dungeon Overview and Level Annotations

Branches:
Dungeon (15/15) Zot: 946   Temple (1/1) D:6 Zot: 460    Lair (5/5) D:9 Zot: 571
 Shoals (4/4) Lair:3 Zot: 553   Snake (4/4) Lair:2 Zot: 21   Slime (0/5) Lair:4
    Orc (2/2) D:10 Zot: 320  Vaults (3/5) D:14 Zot: 479   Crypt (0/3) Vaults:3
 Depths (2/4) D:15 Zot: 790 Ossuary (visited)          Bailey (visited)
Volcano (visited)         Gauntlet (visited)
    Elf: Orc:2

Altars:
Ashenzari
Cheibriados
Dithmenos
Elyvilon
Fedhas
Gozag
Hepliaklqana
Kikubaaqudgha
Makhleb
Nemelex Xobeh
Okawaru
Qazlal
Ru
Trog
Uskayaw
Vehumet
Wu Jian
Xom
Yredelemnul
Zin
The Shining One

Shops:
Orc:2 =:([   Snake:1 =::   Snake:2 !   Snake:4 *?*(

Portals:
Hell: Depths:1

Annotations:
Shoals:3 Wewuh's ghost, adept GrFi
Shoals:4 3 runed translucent doors, mora's ghost, adept OpFE
Snake:2 1 transporter, Lolauth's ghost, adept GrSu
Depths:2 exclusion: obsidian statue


Innate Abilities, Weirdness & Mutations

You passively map a large area around you.
You are easily found by Zot.
You glow in the dark.
You regain HP and MP as you explore.
You are agile. (Dex +4, Str/Int -1)
You are strong-willed. (Will+)


Message History

You block the death scarab's attack. The death scarab completely misses you.
The death scarab misses you. You block the death scarab's attack.
You hit the royal mummy but do no damage.
The royal mummy is heavily damaged.
The death scarab closely misses you. You block the death scarab's attack. x2
The death scarab misses you.
The royal mummy gestures at you while chanting.
Something smites you!
* * * LOW HITPOINT WARNING * * *
The death scarab closely misses you. You block the death scarab's attack.
You pummel the royal mummy!!
The royal mummy is severely damaged.
You block the death scarab's attack. x3
You pummel the royal mummy!!
The royal mummy is severely damaged.
You block the death scarab's attack. The death scarab misses you.
The death scarab closely misses you. The death scarab completely misses you.
You block the death scarab's attack. x2
You punch the royal mummy!
The royal mummy is severely damaged.
You block the death scarab's attack. x3
The death scarab completely misses you. The death scarab closely misses you.
The death scarab bites you but does no damage.
You block the royal mummy's attack.
You pound the royal mummy into fine dust!!!
The royal mummy is almost destroyed.
The death scarab misses you. You block the death scarab's attack. x2
The death scarab waves its antennae.
The death scarab completely misses you. You block the death scarab's attack.
The death scarab misses you.
You barely miss the royal mummy.
The royal mummy is almost destroyed.
The death scarab completely misses you. You block the death scarab's attack. x2
The royal mummy gestures wildly while chanting.
You block the death scarab's attack. The death scarab misses you.
You hit the royal mummy but do no damage.
The royal mummy is almost destroyed.
Your primal bloodlust has ended.
The death scarab bites you!!
You die...

###########
#...pppp..#
#.▓▓▓▓▓▓▓.#
#p▓.....▓p#
#p▓.BBB.▓▓#
#p▓.B@B.▓\#
#p▓B.MB.▓▓#
#p▓.....▓p#
#.▓▓▓▓▓▓▓.#
#...pppp..#
###########


You could see a royal mummy and 7 death scarabs.

Vanquished Creatures
  Sojobo (Arena)
  3 sphinxes
  2 tengu reavers (Vaults:2)
  Agnes (D:15)
  6 nagarajas
  4 vault wardens
  A spectral juggernaut (Arena)
  An orc warlord (Arena)
  5 stone giants
  11 very ugly things
  A war gargoyle (Vaults:3)
  4 ironbound preservers
  4 ironbound thunderhulks
  2 vampire knights (Depths:1)
  10 dire elephants
  A spectral titan (Depths:2)
  A minotaur (Gauntlet)
  Snorg (D:11)
  4 merfolk javelineers
  4 ettins
  2 yaktaur captains
  5 merfolk impalers
  An entropy weaver (Vaults:2)
  2 fire dragons (Depths:1)
  A spectral spriggan (Depths:2)
  3 great orbs of eyes
  A rakshasa (Depths:1)
  6 hydras
  6 ice dragons (Depths:1)
  3 peacekeepers
  2 salamander tyrants (Snake:4)
  2 satyrs
  2 merfolk avatars (Shoals:4)
  16 centaur warriors
  A spectral sphinx (Depths:2)
  5 ironbound frosthearts
  2 boulder beetles (D:13)
  3 two-headed ogres (D:14)
  4 merfolk aquamancers
  9 anacondas
  2 deep troll shamans (Depths:1)
  7 naga warriors
  2 tengu warriors
  A spectral frost giant (Depths:2)
  A spriggan berserker (Depths:2)
  7 naga sharpshooters
  A spectral storm dragon (Depths:2)
  A vampire mage (Depths:1)
  Sonja (Orc:1)
  4 shock serpents
  An iron troll (Depths:1)
  A spectral spark wasp (Depths:2)
  2 salamander mystics (Snake:3)
  12 sea snakes
  19 deep trolls
  A flayed ghost (Depths:1)
  2 lindwurms
  A glowing orange brain (Depths:1)
  2 ironbound convokers
  3 naga ritualists
  5 orc knights
  3 wizards
  6 mana vipers
  A necromancer (D:14)
  3 ugly things
  2 deep elf pyromancers
  A deep elf zephyrmancer (D:14)
  18 harpies
  An orc sorcerer (Orc:2)
  An oklob plant (Lair:5)
  15 fauns
  7 salamanders
  A wolf spider (D:15)
  7 cyclopes
  16 manticores
  A worldbinder (Gauntlet)
  18 elephants
  18 black mambas
  Maurice (D:8)
  7 water nymphs
  A molten gargoyle (Volcano)
  3 guardian serpents
  10 naga magi
  8 vault sentinels
  11 merfolk sirens
  4 cane toads
  A water nymph (shapeshifter) (D:13)
  5 gargoyles
  Maggie (D:6)
  3 unseen horrors
  5 komodo dragons
  2 efreet
  5 rime drakes
  15 yaktaurs
  2 harpy zombies (Shoals:2)
  6 guardian mummies
  3 tengu conjurers
  9 trolls
  28 merfolk
  A hornet (D:11)
  A spectral glowing shapeshifter (Depths:2)
  19 polar bears
  5 wind drakes
  A raiju (Lair:5)
  32 slime creatures
  5 blink frogs
  6 snapping turtles
  10 dream sheep
  3 flying skulls (Gauntlet)
  A vampire (Bailey)
  A culicivora (Vaults:2)
  3 shadows
  31 yaks
  A jumping spider (Vaults:2)
  5 wyverns
  12 water elementals
  2 wraiths (D:10)
  4 basilisks
  2 fire elementals (Volcano)
  3 fire bats (Volcano)
  2 steam dragons (D:8)
  A golden eye (shapeshifter) (Vaults:2)
  14 vampire mosquitoes
  6 wargs
  39 nagas
  A floating eye (Depths:1)
  16 hell hounds (Lair:5)
  2 acid dragons
  9 water moccasins
  35 orc warriors
  A sky beast (D:7)
  An ice beast (D:6)
  20 black bears
  A black bear (shapeshifter) (D:15)
  A boggart (Gauntlet)
  7 ogres
  19 wolves (Lair:5)
  13 centaurs
  2 phantoms
  4 elf zombies (Ossuary)
  2 kobold brigands
  7 bullfrogs
  3 gnoll sergeants
  2 scorpions (D:4)
  An earth elemental (Volcano)
  An elf skeleton (D:7)
  9 killer bees
  2 electric eels
  6 howler monkeys
  8 vampire bats (Bailey)
  8 wolf zombies (Bailey)
  3 lava snakes (Volcano)
  4 centaur zombies (Ossuary)
  5 human zombies
  2 hounds (D:5)
  Crazy Yiuf (D:5)
  A gnoll bouda (D:5)
  3 human skeletons (D:7)
  13 orc priests
  4 iguanas
  22 orc wizards
  A hell rat (Lair:3)
  3 mummies (Ossuary)
  21 gnolls
  5 adders
  A white imp (D:6)
  2 ufetubi
  3 worms
  95 orcs
  3 bats
  A bat zombie (Shoals:2)
  3 endoplasms (D:1)
  A giant cockroach (D:3)
  12 goblins
  16 hobgoblins
  2 jackals (D:3)
  15 kobolds
  5 quokkas
  6 ball pythons
  A frilled lizard (D:2)
  22 orc zombies
  4 rats
1139 creatures vanquished.

Vanquished Creatures (others)
  An orc warrior (Orc:2)
  An orc wizard (Orc:1)
  An orc (Orc:2)
  5 fungi
  70 plants
78 creatures vanquished.

Grand Total: 1217 creatures vanquished

Notes
Turn   | Place    | Note
-------+----------+-------------------------------------------
     0 | D:1      | MrRokkomies the Meteoran Transmuter began the quest for the
                  | Orb.
     0 | D:1      | Reached XP level 1. HP: 16/16 MP: 5/5
   257 | D:1      | Reached XP level 2. HP: 23/23 MP: 4/6
   501 | D:1      | Glimpsed the power of Zot.
   551 | D:1      | Glimpsed the power of Zot.
   632 | D:2      | Reached skill level 4 in Unarmed Combat
   632 | D:2      | Reached XP level 3. HP: 29/29 MP: 6/8
   680 | D:2      | Learned a level 2 spell: Wereblood
   684 | D:2      | Learned a level 3 spell: Spider Form
   836 | D:3      | Reached XP level 4. HP: 37/37 MP: 6/9
  1004 | D:3      | Found a stormy altar of Qazlal.
  1005 | D:3      | Found a burning altar of Makhleb.
  1164 | D:3      | Reached XP level 5. HP: 42/42 MP: 10/10
  1271 | D:3      | Found a radiant altar of Vehumet.
  1355 | D:4      | Found a blossoming altar of Fedhas.
  1369 | D:4      | Reached skill level 5 in Unarmed Combat
  1398 | D:4      | You fall into a shaft and drop 2 floors!
  1402 | D:6      | Noticed a phantom
  1410 | D:6      | Killed a phantom
  1411 | D:6      | Reached XP level 6. HP: 52/52 MP: 11/11
  1444 | D:6      | Noticed a black bear
  1457 | D:6      | Killed a black bear
  1458 | D:6      | Reached XP level 7. HP: 51/59 MP: 12/12
  1464 | D:6      | Found a staircase to the Ecumenical Temple.
  1479 | Temple   | Entered the Ecumenical Temple
  1603 | Temple   | Became a worshipper of Warmaster Okawaru
  1689 | D:6      | Noticed Maggie
  1696 | D:5      | Entered Level 5 of the Dungeon
  1753 | D:5      | Reached skill level 6 in Unarmed Combat
  1865 | D:5      | Found a hide-covered altar of Uskayaw.
  2016 | D:5      | Found a runed translucent door.
  2017 | D:5      | Noticed Crazy Yiuf
  2025 | D:5      | Killed Crazy Yiuf
  2227 | D:4      | Reached skill level 5 in Fighting
  2227 | D:4      | Reached XP level 8. HP: 50/68 MP: 13/13
  2330 | D:4      | Reached * piety under Okawaru
  2579 | D:6      | Reached skill level 7 in Unarmed Combat
  2580 | D:6      | Gained mutation: You are strong-willed. (Will+) [potion of
                  | mutation]
  2580 | D:6      | Gained mutation: You are agile. (Dex +4, Str/Int -1)
                  | [potion of mutation]
  2721 | D:6      | Reached skill level 5 in Dodging
  2721 | D:6      | Reached skill level 5 in Transmutations
  2780 | D:6      | Killed Maggie
  2780 | D:6      | Reached ** piety under Okawaru
  2781 | D:6      | Gained mutation: You passively map the area around you.
                  | [Meteoran growth]
  2781 | D:6      | Reached XP level 9. HP: 77/77 MP: 14/14
  2788 | D:6      | Reached skill level 8 in Unarmed Combat
  3036 | D:7      | Found an ornate altar of the Wu Jian Council.
  3065 | D:7      | Found an opulent altar of Gozag.
  3066 | D:7      | Found a sparkling altar of Nemelex Xobeh.
  3096 | D:7      | Reached *** piety under Okawaru
  3106 | D:7      | Found a snail-covered altar of Cheibriados.
  3133 | D:7      | Found a sand-covered staircase.
  3142 | Ossuary  | Entered an ossuary
  3241 | Ossuary  | Reached skill level 9 in Unarmed Combat
  3319 | D:7      | Reached XP level 10. HP: 83/88 MP: 15/15
  3493 | D:7      | Found a bloodstained altar of Trog.
  3921 | D:7      | Learned a level 4 spell: Ice Form
  3932 | D:7      | Reached **** piety under Okawaru
  4037 | D:8      | Found a glowing silver altar of Zin.
  4037 | D:8      | Found a glowing golden altar of the Shining One.
  4037 | D:8      | Found a white marble altar of Elyvilon.
  4037 | D:8      | Found a shadowy altar of Dithmenos.
  4056 | D:8      | Noticed Maurice
  4064 | D:8      | Killed Maurice
  4065 | D:8      | Reached skill level 10 in Unarmed Combat
  4249 | D:8      | Noticed a brown ugly thing
  4289 | D:8      | Found a flagged portal.
  4314 | D:8      | Reached ***** piety under Okawaru
  4329 | Bailey   | Entered a bailey
  4376 | Bailey   | Noticed a gargoyle
  4382 | Bailey   | Killed a gargoyle
  4383 | Bailey   | Reached skill level 11 in Unarmed Combat
  4427 | Bailey   | Reached XP level 11. HP: 92/99 MP: 12/16
  4482 | Bailey   | Reached skill level 10 in Fighting
  4773 | D:9      | Reached skill level 12 in Unarmed Combat
  5076 | D:9      | Reached skill level 13 in Unarmed Combat
  5081 | D:9      | Identified the +4 long sword of Hacaetoat {antimagic, rPois
                  | SInv} (Okawaru gifted it to you on level 9 of the Dungeon)
  5081 | D:9      | Received a gift from Okawaru
  5175 | D:9      | Found a staircase to the Lair.
  5192 | Lair:1   | Entered Level 1 of the Lair of Beasts
  5200 | Lair:1   | Noticed a lindwurm
  5208 | Lair:1   | Killed a lindwurm
  5328 | Lair:1   | Got Caumaw's Quarto of Spellbinding Transposition
  5334 | Lair:1   | Reached skill level 1 in Ice Magic
  5357 | Lair:1   | Reached skill level 1 in Invocations
  5437 | Lair:1   | Reached XP level 12. HP: 106/106 MP: 15/17
  5579 | Lair:2   | Found a dark tunnel.
  5600 | Volcano  | Entered a volcano
  5631 | Volcano  | Reached skill level 10 in Dodging
  5684 | Volcano  | Noticed a stone giant
  5689 | Volcano  | Reached ****** piety under Okawaru
  5712 | Volcano  | Killed a stone giant
  5712 | Volcano  | Received a gift from Okawaru
  5713 | Volcano  | Reached skill level 14 in Unarmed Combat
  5718 | Volcano  | Found a bloodstained altar of Trog.
  5865 | Lair:2   | Found a staircase to the Snake Pit.
  5875 | Lair:2   | Reached skill level 5 in Ice Magic
  6078 | Lair:3   | Noticed a lindwurm
  6086 | Lair:3   | Killed a lindwurm
  6162 | Lair:3   | Reached skill level 5 in Invocations
  6174 | Lair:3   | Identified the +0 pair of boots "Heatoroh" {Regen+}
                  | (Okawaru gifted it to you on level 3 of the Lair of Beasts)
  6174 | Lair:3   | Received a gift from Okawaru
  6217 | Lair:3   | Reached skill level 15 in Unarmed Combat
  6217 | Lair:3   | Reached XP level 13. HP: 108/113 MP: 15/18
  6421 | Lair:3   | Found a staircase to the Shoals.
  6586 | Lair:4   | Reached skill level 16 in Unarmed Combat
  6644 | Lair:4   | Found a staircase to the Slime Pits.
  6763 | Lair:5   | Entered Level 5 of the Lair of Beasts
  6796 | Lair:5   | Received a gift from Okawaru
  6953 | Lair:5   | Noticed an anaconda
  6969 | Lair:5   | Killed an anaconda
  6970 | Lair:5   | Reached XP level 14. HP: 81/121 MP: 20/20
  7106 | Lair:5   | Identified the +16 plate armour of Deixkasekk {Str+2}
                  | (Okawaru gifted it to you on level 5 of the Lair of Beasts)
  7106 | Lair:5   | Received a gift from Okawaru
  7275 | Lair:5   | Reached skill level 10 in Ice Magic
  7288 | Lair:5   | Reached skill level 17 in Unarmed Combat
  7933 | D:10     | Entered Level 10 of the Dungeon
  7938 | D:10     | Found an ancient bone altar of Kikubaaqudgha.
  7948 | D:10     | Reached skill level 5 in Spellcasting
  7980 | D:10     | Received a gift from Okawaru
  8143 | D:10     | Identified the +1 plate armour "Aju Roff" {-Tele rCorr
                  | Int+8 Stlth+} (Okawaru gifted it to you on level 10 of the
                  | Dungeon)
  8143 | D:10     | Received a gift from Okawaru
  8171 | D:10     | Found a staircase to the Orcish Mines.
  8193 | Orc:1    | Entered Level 1 of the Orcish Mines
  8206 | Arena    | Entered the Arena
  8244 | D:10     | Reached XP level 15. HP: 90/126 MP: 25/25
  8374 | Orc:1    | Noticed an orc warlord
  8377 | Arena    | Entered the Arena
  8386 | Arena    | Killed an orc warlord
  8428 | Orc:1    | Noticed Sonja
  8433 | Orc:1    | Reached skill level 18 in Unarmed Combat
  8446 | Orc:1    | Killed Sonja
  8615 | Orc:2    | Entered Level 2 of the Orcish Mines
  8862 | Orc:2    | Reached skill level 10 in Invocations
  9052 | Orc:2    | Found Jathisuq's Antique Weapon Emporium.
  9052 | Orc:2    | Found Ykhliwkoyv's Book Boutique.
  9054 | Orc:2    | Found Lisemm's Jewellery Shop.
  9056 | Orc:2    | Found Nukuamon's Antique Armour Shoppe.
  9061 | Orc:2    | Bought an embroidered scarf for 192 gold pieces
  9069 | Orc:2    | Bought a book of Alchemy for 392 gold pieces
  9071 | Orc:2    | Bought the ring "Piblev" {Ice rN+ Slay+4} for 636 gold
                  | pieces
  9071 | Orc:2    | Bought a ring of poison resistance for 240 gold pieces
  9373 | D:11     | Noticed Snorg
  9382 | D:11     | Killed Snorg
  9815 | D:12     | Received a gift from Okawaru
 10317 | D:13     | Identified the +5 kite shield "Juutyi" {Dex+3} (Okawaru
                  | gifted it to you on level 13 of the Dungeon)
 10317 | D:13     | Received a gift from Okawaru
 10353 | D:13     | Reached skill level 1 in Shields
 10445 | D:13     | Found a gate leading to a gauntlet.
 10453 | Gauntlet | Entered a Gauntlet
 10453 | Gauntlet | Found a transporter.
 10453 | Gauntlet | Found a runed translucent door.
 10453 | Gauntlet | Found a runed translucent door.
 10456 | Gauntlet | Found a transporter.
 10458 | Gauntlet | Found a transporter.
 10494 | Gauntlet | Found a transporter.
 10509 | Gauntlet | Found a runed translucent gate.
 10510 | Gauntlet | Found a runed translucent gate.
 10511 | Gauntlet | Found a runed translucent gate.
 10518 | Gauntlet | Found a transporter.
 10519 | Gauntlet | Found a transporter.
 10519 | Gauntlet | Found a transporter.
 10549 | Gauntlet | Found a transporter.
 10552 | Gauntlet | Identified the ring of the Hammering Gods {rN+ Int+2 Dex+6}
 10580 | Gauntlet | Reached XP level 16. HP: 51/134 MP: 30/30
 10586 | Gauntlet | Got Sif Muna's Dissertation on Metal and the Blaze
 10720 | D:13     | Reached skill level 19 in Unarmed Combat
 11227 | D:14     | Reached skill level 5 in Shields
 11490 | D:14     | Found a gate to the Vaults.
 11511 | D:15     | Entered Level 15 of the Dungeon
 11513 | D:15     | Noticed Agnes
 11525 | Arena    | Entered the Arena
 11540 | D:15     | Killed Agnes
 11609 | D:15     | Found a portal to a secret trove of treasure.
 11611 | D:15     | Received a gift from Okawaru
 11798 | Orc:2    | Bought a glowing demon trident for 522 gold pieces
 12005 | D:15     | You paid a toll of a +5 demon trident to enter a treasure
                  | trove
 12006 | Trove    | Entered a treasure trove
 12035 | Trove    | Identified the amulet of Das Ywn {Acrobat Str+4 Int+4}
 12054 | Trove    | Found the +2 hood of the Assassin {Detection Stab+ Stlth++}
 12055 | Trove    | Identified the +1 robe of Tiegroat {rElec}
 12162 | D:15     | Reached skill level 10 in Spellcasting
 12246 | D:15     | Found a staircase to the Depths.
 12377 | D:15     | Found a sparkling altar of Nemelex Xobeh.
 12539 | Snake:1  | Entered Level 1 of the Snake Pit
 12680 | Snake:1  | Reached skill level 1 in Evocations
 12686 | Snake:1  | Found Wiyzoi Teudgh's Jewellery Boutique.
 12686 | Snake:1  | Found Osic's Book Shoppe.
 12688 | Snake:1  | Found Ozycid's Book Shoppe.
 12852 | Snake:1  | Received a gift from Okawaru
 12883 | Snake:2  | Noticed Lolauth's ghost (adept GrSu)
 12883 | Snake:2  | Found a transporter.
 12995 | Snake:1  | Reached skill level 20 in Unarmed Combat
 13010 | Snake:2  | Noticed a nagaraja
 13013 | Snake:2  | Reached skill level 1 in Throwing
 13022 | Snake:2  | Killed a nagaraja
 13023 | Snake:2  | Reached XP level 17. HP: 110/140 MP: 32/32
 13064 | Snake:2  | Found Calupuij's Distillery.
 13073 | Snake:2  | Bought a potion of resistance for 140 gold pieces
 13073 | Snake:2  | Bought a potion of heal wounds for 70 gold pieces
 13073 | Snake:2  | Bought a potion of heal wounds for 70 gold pieces
 13159 | Snake:2  | Identified the ring of Pile {rC+ EV+4 Dex+4}
 13390 | Snake:3  | Reached skill level 1 in Armour
 13411 | Snake:3  | Received a gift from Okawaru
 13459 | Snake:3  | Learned a level 6 spell: Statue Form
 13464 | Snake:3  | Learned a level 4 spell: Petrify
 13514 | Snake:3  | Reached skill level 5 in Throwing
 13785 | Snake:4  | Entered Level 4 of the Snake Pit
 13897 | Snake:4  | Noticed a nagaraja
 13918 | Snake:4  | Killed a nagaraja
 13919 | Snake:4  | Reached skill level 10 in Shields
 14109 | Snake:4  | Reached skill level 5 in Evocations
 14109 | Snake:4  | Noticed a nagaraja
 14133 | Snake:4  | Killed a nagaraja
 14185 | Snake:4  | Received a gift from Okawaru
 14196 | Snake:4  | Found Exakhey's General Store.
 14198 | Snake:4  | Found Jaapehoc's Assorted Antiques.
 14198 | Snake:4  | Found Baymosen's Magic Scroll Shop.
 14203 | Snake:4  | Found Zif Jeno's Weapon Boutique.
 14212 | Snake:4  | Bought a scroll labelled QACZENN KYECO for 23 gold pieces
 14213 | Snake:4  | Acquired 802 gold pieces
 14230 | Snake:4  | Bought a scroll of blinking for 150 gold pieces
 14415 | Snake:4  | Noticed a nagaraja
 14559 | Snake:4  | Noticed a nagaraja
 14592 | Snake:4  | Killed a nagaraja
 14641 | Snake:4  | Killed a nagaraja
 14664 | Snake:4  | HP: 7/140 [naga/+0 scimitar (30)]
 14665 | Snake:4  | HP: 2/140 [constriction (2)]
 14755 | Snake:4  | Noticed a nagaraja
 14770 | Snake:4  | Killed a nagaraja
 14771 | Snake:4  | Gained mutation: You passively map a large area around you.
                  | [Meteoran growth]
 14771 | Snake:4  | Reached XP level 18. HP: 126/147 MP: 33/33
 14834 | Snake:4  | Got a serpentine rune of Zot
 14967 | Snake:3  | Glimpsed the power of Zot.
 15016 | Snake:2  | Glimpsed the power of Zot.
 15101 | Shoals:1 | Entered Level 1 of the Shoals
 15392 | Shoals:1 | Reached skill level 5 in Armour
 15528 | Shoals:1 | Reached skill level 1 in Earth Magic
 15803 | Shoals:2 | Received a gift from Okawaru
 15846 | Shoals:2 | Received a gift from Okawaru
 15927 | Shoals:2 | Identified the +1 chain mail of an ice cave {Int+6}
                  | (Okawaru gifted it to you on level 2 of the Shoals)
 15927 | Shoals:2 | Received a gift from Okawaru
 15929 | Shoals:2 | You fall into a shaft and drop 1 floor!
 16024 | Shoals:3 | Noticed Wewuh's ghost (adept GrFi)
 16046 | Shoals:3 | Reached skill level 10 in Throwing
 16184 | Shoals:4 | Entered Level 4 of the Shoals
 16384 | Shoals:4 | Reached XP level 19. HP: 154/154 MP: 34/34
 16501 | Shoals:4 | Found a runed translucent gate.
 16501 | Shoals:4 | Found a runed translucent gate.
 16505 | Shoals:4 | Found a runed translucent gate.
 16507 | Shoals:4 | Noticed mora's ghost (adept OpFE)
 16695 | Shoals:4 | Found the +9 heavy crossbow "Sniper" {vorpal, Acc+∞ SInv}
 16703 | Shoals:4 | HP: 5/154 [poisoned by a sea snake]
 16761 | Shoals:4 | Reached skill level 5 in Earth Magic
 16768 | Shoals:4 | Identified the +2 buckler of the Dungeon {rC+ Dex+2}
                  | (Okawaru gifted it to you on level 4 of the Shoals)
 16768 | Shoals:4 | Received a gift from Okawaru
 16818 | Shoals:4 | Got a barnacled rune of Zot
 17094 | Shoals:3 | Found a bloodstained altar of Trog.
 17325 | Vaults:1 | Entered Level 1 of the Vaults
 17731 | Vaults:1 | Found a crumbling gateway.
 17901 | Vaults:1 | Glimpsed the power of Zot.
 17976 | Vaults:2 | Identified the +1 buckler of Minor Irritation {Will-
                  | Dex+10} (Okawaru gifted it to you on level 2 of the Vaults)
 17976 | Vaults:2 | Received a gift from Okawaru
 18040 | Vaults:2 | Noticed Sojobo
 18041 | Arena    | Entered the Arena
 18049 | Arena    | Killed Sojobo
 18050 | Arena    | Reached XP level 20. HP: 158/166 MP: 21/35
 18108 | Vaults:2 | Found the ring of the Octopus King {HP+2 MP+9 AC+2 EV+2
                  | SH+2}
 18301 | Vaults:3 | Found a staircase to the Crypt.
 18301 | Vaults:3 | Found a basalt altar of Yredelemnul.
 18338 | Vaults:3 | Found an ancient bone altar of Kikubaaqudgha.
 18582 | Vaults:3 | Identified the +5 ring mail "Inaoxayj" {*Slow Fly Dex+4}
                  | (Okawaru gifted it to you on level 3 of the Vaults)
 18582 | Vaults:3 | Received a gift from Okawaru
 18911 | Depths:1 | Entered Level 1 of the Depths
 18915 | Depths:1 | Found a gateway to Hell.
 19047 | Arena    | Entered the Arena
 19080 | Depths:1 | Reached XP level 21. HP: 167/178 MP: 34/36
 19114 | Depths:1 | Reached skill level 15 in Throwing
 19152 | Depths:1 | Reached skill level 10 in Transmutations
 19188 | Depths:1 | Received a gift from Okawaru
 19233 | Depths:1 | Paralysed by a floating eye for 2 turns
 19344 | Depths:2 | Received a gift from Okawaru
 19372 | Arena    | Entered the Arena
 19447 | Depths:2 | Noticed a royal mummy
 19451 | Arena    | Entered the Arena
 19471 | Arena    | Mangled by a death scarab

Illustrated notes

Levels and vault maps discovered:
D:1:      minmay_arrival_cross, layout_loops_corners,
          hellmonk_ecumenical_altar_prayer_group, minmay_misc_feat_alley
D:2:      layout_rooms
D:3:      layout_loops_ring, vehumet_crystals, mainiacjoe_overflow_divided_tiny,
          moated_statue, hangedman_decor_clover_reticule
D:4:      layout_rooms, lemuel_crystal_altar
D:5:      layout_basic, nicolae_uskayaw_dance_hall, uniq_crazy_yiuf_cottage
D:6:      layout_gridville, temple_pool_b, minmay_crystal_water,
          grunt_ministairs_13, uniq_maggie
D:7:      corexii_shantytown, layout_basic, grunt_temple_overflow_opulence,
          bloody_trog, cheibriados_altar_1, mainiacjoe_overflow_brackets,
          nicolae_ossuary_entry_catacombs
D:8:      layout_basic, chequers_temple_overflow_statue_of_worship,
          enter_bailey_5, lightli_corner_chamber, uniq_maurice
D:9:      layout_long_grid, lair_entry_dummy
D:10:     lemuel_insect_pit, layout_basic, lemuel_crystal_altar,
          lemuel_blue_sif_altar, david_orc_4
D:11:     layout_rooms, uniq_snorg
D:12:     layout_basic
D:13:     layout_basic, gauntlet_entry_generic
D:14:     layout_basic, david_vaults_1, minmay_starry_boxes
D:15:     hangedman_depths_entry_try_elsewhere_first, layout_cave_pools,
          nicolae_trove_entry_path_of_doom, nemelex_lonely_heart_becter,
          uniq_agnes
Temple:   hellmonk_temple_beads
Lair:1:   layout_hall_layers, basic_altar, chequers_serial_rivers_room_a
Lair:2:   layout_chaotic_city, minmay_snake_entry_guardpost_small,
          nicolae_volcano_entry_hallway, minmay_stone_trees_small,
          grunt_megastairs_2, infiniplex_staircase_pool, serial_bayou_shore_a
Lair:3:   beast_lair_carwin_large_4, layout_long_grid, elwin_shoals_entry_stream
Lair:4:   layout_regular_city, dpeg_slime_entry_enclosed
Lair:5:   hangedman_lair_caniforms_friends, layout_concentric_octagons,
          wormcave, hangedman_lair_generics_rect
Shoals:1: layout_shoals, nicolae_take_the_stairs, uniq_frances
Shoals:2: layout_shoals, nicolae_shoals_undead_eyrie
Shoals:3: layout_shoals, gammafunk_ghost_wrathful_warriors
Shoals:4: shoals_end_hangedman, layout_shoals, gammafunk_ghost_tricky_traps
Snake:1:  layout_cave_shapes, nicolae_triple_integral, minmay_shop_grove
Snake:2:  layout_misc_corridors, gammafunk_ghost_arena, serial_shops,
          nicolae_shop_statue_plus
Snake:3:  layout_cave_town, serial_bayou_shore_b, grunt_megastairs_4
Snake:4:  minmay_snake_end_coiled, layout_cave_town, serial_bayou_shore_b,
          minmay_shoptagon, uniq_aizul
Orc:1:    layout_caves, minmay_orc_temple_b, uniq_sonja
Orc:2:    st_orc_rangers, layout_caves, mines3_lemuel
Vaults:1: portal_desolation_entry_twin_temple, nicolae_vaults_yaktaur_gun_rack,
          hangedman_vaults_slice, vaults_mumra_minichess_inversion, v_misc_1,
          vaults_room_guarded_vault, vaults_room_fours, ontoclasm_vaults_idyll,
          vaults_dpeg_spiral, nicolae_vaults_little_squares_2,
          vaults_room_grunt_arrival_ludios, vaults_dpeg_ring,
          layout_vaults_big_room
Vaults:2: ontoclasm_vaults_ring_large, st_hourglassy, v_misc_2,
          grunt_vaults_funnel, vaults_room_octagon, v_rooms_3,
          ontoclasm_vaults_pinch, hangedman_vaults_maws, vaults_room_door_hall,
          hangedman_vaults_locks, serial_ice_b, v_misc_22, v_misc_13,
          layout_vaults_omnibox, uniq_sojobo
Vaults:3: nicolae_vaults_network_s, v_misc_30, hangedman_vaults_maws,
          ontoclasm_vaults_shuriken, minmay_crypt_entry_necro_gods,
          vaults_mumra_minichess, vaults_room_pool, layout_vaults_omnigrid,
          uniq_zenata
Depths:1: layout_basic, minmay_misc_feat_doors, marbit_kobold_abyss_entry,
          hell_entry, skrybe_limestone_x, evilmike_ambush
          [evilmike_ambush_outer_basic, evilmike_ambush_inner_basic]
Depths:2: lemuel_minitomb, layout_cave_pools, lemuel_statue_altar,
          minmay_room_of_horrors, pan_entry, hangedman_coc_ice_floe,
          nicolae_two_hexagons, infiniplex_staircase_pillars_3b
Arena

Skill      XL: |  1  2  3  4  5  6  7  8  9 10 11 12 13 14 15 16 17 18 19 20 21 |
---------------+----------------------------------------------------------------+-----
Unarmed Combat | 4 5 6 7 9 11 13 15 16 17 18 20 | 20.0
Fighting       | 2 3 4 5 6 7 9 10 11 13 | 13.8
Dodging        | 3 4 5 6 7 9 10 11 12 13 | 13.5
Transmutations | 3 4 5 6 7 8 9 10 | 10.3
Ice Magic      | 2 6 9 10 | 10.2
Invocations    | 2 5 7 9 10 12 | 12.0
Spellcasting   | 6 9 10 | 10.2
Shields        | 3 8 11 13 14 | 14.0
Evocations     | 2 5 7 8 |  8.7
Throwing       | 1 7 10 13 14 15 | 15.6
Armour         | 4 5 |  5.0
Earth Magic    | 4 7 8 9 |  9.5

Action                   |  1- 3 |  4- 6 |  7- 9 | 10-12 | 13-15 | 16-18 | 19-21 || total
-------------------------+-------+-------+-------+-------+-------+-------+-------++-------
Melee: Unarmed           |    35 |    38 |   222 |   511 |   973 |  1107 |  1092 ||  3978
       Headbutt          |     4 |     7 |    47 |    94 |   196 |    76 |       ||   424
       Kick              |     3 |     7 |    80 |   153 |   314 |   101 |       ||   658
       Punch             |       |       |    12 |    38 |   109 |       |       ||   159
Throw: Boomerang         |       |     1 |     3 |     1 |       |   185 |   142 ||   332
       Javelin           |       |       |       |       |       |       |     3 ||     3
 Cast: Beastly Appendage |    12 |    10 |    32 |    35 |    52 |    17 |       ||   158
       Wereblood         |     1 |       |     7 |    15 |    23 |    15 |    12 ||    73
Invok: Heroism           |       |       |       |     1 |       |     1 |     8 ||    10
       Duel              |       |       |       |       |     2 |     1 |     4 ||     7
       Finesse           |       |       |       |       |     1 |       |     5 ||     6
Evoke: Wand              |       |       |     2 |     1 |     3 |       |       ||     6
       Tin of tremorston |       |       |       |       |       |     1 |       ||     1
       Condenser vane    |       |       |       |       |       |       |     3 ||     3
  Use: Scroll            |     7 |     5 |     4 |     7 |     5 |     8 |     5 ||    41
       Potion            |       |       |     5 |     7 |     2 |     4 |     9 ||    27
 Stab: Sleeping          |       |     1 |       |       |       |       |       ||     1
       Distracted        |       |       |       |       |       |     3 |     1 ||     4
Armor: Robe              |     6 |    16 |    34 |       |       |       |       ||    56
       Skin              |       |       |    10 |       |       |       |       ||    10
       Acid dragon scale |       |       |    45 |   213 |   264 |       |       ||   522
       Ring mail         |       |       |       |    18 |    51 |   123 |   139 ||   331
Dodge: Dodged            |    15 |    18 |    91 |   376 |   923 |   510 |   573 ||  2506
       Repelled          |       |       |       |       |     3 |     3 |     3 ||     9
Block: Kite shield       |       |       |       |       |    46 |  1073 |  1061 ||  2180

Table legend: (Time is in decaauts)
 A = Elapsed time spent in this place.
 B = Non-inter-level travel time spent in this place.
 C = Inter-level travel time spent in this place.
 D = Time resting spent in this place.
 E = Time spent auto-exploring this place.
 F = Levels seen in this place.
 G = Mean time per level.
                   A        B        C        D        E       F      G
               +--------+--------+--------+--------+--------+-----+--------+
         Total |  18435 |  16434 |   2001 |    449 |   5849 |  48 |  384.1 |
       Dungeon |   8053 |   7012 |   1041 |    127 |   4270 |  15 |  536.9 |
        Temple |    139 |     98 |     41 |      0 |     91 |   1 |  139.0 |
          Lair |   2428 |   2121 |    307 |     77 |    470 |   5 |  485.6 |
        Shoals |   1846 |   1758 |     88 |     41 |    274 |   4 |  461.5 |
     Snake Pit |   2379 |   2127 |    252 |    173 |    374 |   4 |  594.8 |
  Orcish Mines |    879 |    724 |    155 |      0 |      5 |   2 |  439.5 |
        Vaults |   1320 |   1211 |    109 |      6 |    274 |   3 |  440.0 |
        Depths |    409 |    405 |      4 |      0 |     90 |   2 |  204.5 |
         Trove |     96 |     96 |      0 |      0 |      0 |   1 |   96.0 |
       Ossuary |    133 |    133 |      0 |      0 |      0 |   1 |  133.0 |
        Bailey |    332 |    332 |      0 |      3 |      0 |   1 |  332.0 |
       Volcano |    181 |    181 |      0 |      0 |      0 |   1 |  181.0 |
      Gauntlet |    130 |    130 |      0 |      0 |      0 |   1 |  130.0 |
         Arena |    104 |    104 |      0 |     22 |      0 |   7 |   14.9 |
               +--------+--------+--------+--------+--------+-----+--------+

Top non-repeatable levels by time:
 Snake:4: 1083 daAuts
    D:14: 866 daAuts
  Lair:5: 805 daAuts
     D:7: 749 daAuts
Shoals:4: 745 daAuts
     D:9: 680 daAuts
  Lair:3: 615 daAuts
     D:5: 612 daAuts
Vaults:1: 577 daAuts
     D:1: 571 daAuts
    D:12: 548 daAuts
Vaults:3: 525 daAuts
    D:11: 519 daAuts
 Snake:1: 502 daAuts
     D:6: 497 daAuts
